Demolitions vs Mulligans
Created - March 20, 2020 at 19:48
Goals
|
| Demolitions |
1 |
0 |
0 |
1 |
| Mulligans |
2 |
1 |
2 |
5 |
|
Shots
|
| Demolitions |
12 |
13 |
9 |
34 |
| Mulligans |
15 |
12 |
11 |
38 |
|
1st period
1. Demolitions , Daultan Leveillé 25 (Lane MacDermid 26, Spencer Machacek 62) at 8:01
2. Mulligans , Anton Lander 28 (Jonathan Ferland 47, Eric Tangradi 37) at 8:09
3. Mulligans , Jonathan Ferland 28 (Eric Tangradi 38, Anton Lander 71) at 14:31
Penalties :
No Penalty
2nd period
4. Mulligans , Eric Tangradi 48 (Anton Lander 72) at 4:20
Penalties :
Cody Goloubef (Rep) for Hooking (Minor) at 19:02
3rd period
5. Mulligans , Joonas Donskoi 12 (Drayson Bowman 13, Ben Hutton 16) at 11:44
6. Mulligans , Joonas Donskoi 13 (Drayson Bowman 14, Cody Goloubef 31) at 14:32
Penalties :
Phil McRae (Vic) for Interference (Minor) at 5:07
Goalie Stats
Antti Raanta (Vic), 33 saves from 38 shots - (0.868), L, 8-5-0, 60:00 minutes
Calvin Pickard (Rep), 33 saves from 34 shots - (0.971), W, 20-18-4, 60:00 minutes
Players Stats for Demolitions
Player Name G A P +/- PIM S H SB GA TA FO MP PP MP PK MP
------------------------------------------------------------------------------------
Aaron Palushaj 0 0 0 -1 0 2 0 0 0 0 1/1 9:56 0:00 0:00
Alex Hutchings 0 0 0 0 0 0 0 0 0 0 0/0 0:46 0:00 0:46
Andrej Nestrasil 0 0 0 -2 0 3 3 1 0 1 6/13 16:29 0:43 0:00
Christoph Bertschy 0 0 0 -1 0 0 2 1 1 1 1/4 10:24 0:00 0:28
Colton Sceviour 0 0 0 0 0 0 0 0 0 0 0/0 0:00 0:00 0:00
Daultan Leveillé 1 0 1 0 0 3 1 1 0 0 14/39 20:42 1:16 0:09
Dennis Everberg 0 0 0 -1 0 2 2 0 0 1 1/2 10:53 0:00 0:00
J.T. Brown 0 0 0 -2 0 4 0 1 0 1 1/2 17:37 0:43 0:58
Jake Muzzin 0 0 0 -3 0 1 0 2 0 2 0/0 24:42 1:20 1:10
Jared Staal 0 0 0 0 0 0 0 0 0 0 0/0 0:00 0:00 0:00
Joshua Leivo 0 0 0 -1 0 0 2 0 0 0 0/0 10:53 0:00 0:00
Lane MacDermid 0 1 1 0 0 4 1 2 0 0 0/1 21:12 1:16 0:39
Michael Ferland 0 0 0 -1 0 1 0 0 0 0 0/0 9:56 0:00 0:00
Michael Prapavessis 0 0 0 0 0 0 0 0 0 0 0/0 5:39 0:00 0:00
Mitch Callahan 0 0 0 0 0 0 0 0 0 0 0/0 0:00 0:00 0:00
Nick Pryor 0 0 0 0 0 2 0 0 0 0 0/0 11:41 0:00 0:00
Phil McRae 0 0 0 -1 2 4 0 0 0 0 4/7 11:02 0:00 0:00
Robert Bortuzzo 0 0 0 -1 0 1 1 0 0 0 0/0 17:58 0:39 0:49
Ryan Pulock 0 0 0 -1 0 0 1 2 0 2 0/0 17:58 0:39 0:49
Spencer Machacek 0 1 1 0 0 4 2 0 0 0 0/1 21:41 1:16 0:58
Taylor Aronson 0 0 0 0 0 1 0 1 0 1 0/0 11:41 0:00 0:00
Taylor Beck 0 0 0 -2 0 1 3 0 0 0 1/1 16:29 0:43 0:00
Tommy Vannelli 0 0 0 0 0 0 0 0 0 0 0/0 5:39 0:00 0:00
Tyler Graovac 0 0 0 0 0 0 0 0 0 0 0/0 0:00 0:00 0:00
Wiley Sherman 0 0 0 -3 0 1 0 1 0 3 0/0 24:42 1:20 1:10
Players Stats for Mulligans
Player Name G A P +/- PIM S H SB GA TA FO MP PP MP PK MP
------------------------------------------------------------------------------------
Anton Lander 1 2 3 3 0 6 2 1 2 0 28/41 21:13 1:02 1:26
Ben Hutton 0 1 1 3 0 1 2 1 0 1 0/0 27:49 1:10 1:34
Cade Fairchild 0 0 0 0 0 0 1 3 0 0 0/0 19:58 0:49 0:25
Cody Goloubef 0 1 1 3 2 3 1 4 1 0 0/0 26:35 1:10 0:00
Cristiano Digiacinto 0 0 0 0 0 0 0 0 0 0 0/0 0:00 0:00 0:00
Dalton Thrower 0 0 0 1 0 0 2 1 0 0 0/0 12:13 0:00 0:00
Darren Dietz 0 0 0 0 0 0 1 2 0 0 0/0 19:58 0:49 0:25
Drayson Bowman 0 2 2 2 0 1 0 0 2 0 0/0 11:41 0:00 0:00
Eric Tangradi 1 2 3 3 0 6 1 1 3 0 1/2 21:13 1:02 1:26
John Hayden 0 0 0 0 0 0 0 0 0 0 0/0 0:08 0:00 0:08
Jonathan Ferland 1 1 2 3 0 4 1 0 0 0 0/1 20:33 1:02 0:25
Jonny Brodzinski 0 0 0 0 0 0 0 0 0 0 0/0 0:12 0:02 0:00
Joonas Donskoi 2 0 2 2 0 3 0 0 1 0 0/0 11:53 0:02 0:00
Logan Shaw 0 0 0 0 0 3 0 1 1 0 0/1 17:18 0:55 0:00
Matt Beleskey 0 0 0 0 0 3 4 0 0 0 0/0 18:04 0:55 0:25
Maxime Macenauer 0 0 0 0 0 3 2 0 0 0 9/13 17:18 0:55 0:00
Nick Moutrey 0 0 0 0 0 0 0 0 0 0 0/0 0:00 0:00 0:00
Reid Boucher 0 0 0 0 0 0 0 0 0 0 0/0 0:12 0:02 0:00
Robbie Russo 0 0 0 1 0 0 1 1 0 0 0/0 13:47 0:00 1:34
Robby Fabbri 0 0 0 -1 0 0 1 0 1 0 1/2 8:42 0:00 0:00
Sam Bennett 0 0 0 2 0 2 2 1 0 0 2/10 11:41 0:00 0:00
Sven Baertschi 0 0 0 -1 0 3 3 0 1 0 1/1 8:50 0:00 0:08
Valeri Nichushkin 0 0 0 -1 0 0 0 1 0 0 0/0 8:42 0:00 0:00
3 Stars
1 - Anton Lander (Rep)
2 - Eric Tangradi (Rep)
3 - Joonas Donskoi (Rep)
Power Play
Demolitions - 0 on 1 Attempt(s) - 0.00%
Mulligans - 0 on 1 Attempt(s) - 0.00%
Penalty Kill
Demolitions - 1 on 1 Attempt(s) - 100.00%
- Score 0 goal in Penalty Kill
Mulligans - 1 on 1 Attempt(s) - 100.00%
- Score 0 goal in Penalty Kill
Team Stat
Demolitions - Hits : 18 - Faceoff Wins : 29 - Blocked Shots : 12 - Penalty Minutes : 2
Mulligans - Hits : 24 - Faceoff Wins : 42 - Blocked Shots : 17 - Penalty Minutes : 2
Official
Referees : Unknown
Linesman : Unknown
Game Notes
No Game Note
Finance
Level 1 -- Attendance: 2000 (100.00%) -- Ticket Income $40,000
Level 2 -- Attendance: 1000 (100.00%) -- Ticket Income $10,000
Total Attendance: 3000 (100.00%)
Total Ticket Income: $50,000
Other Income: $2,500
Total Income: $52,500
Demolitions
5 vs 5 Forward
Center Left Wing Right Wing Time % Phy DF OF
1 Daultan Leveillé Lane MacDermid Spencer Machacek 40 1 2 2
2 Andrej Nestrasil Taylor Beck J.T. Brown 30 1 2 2
3 Phil McRae Joshua Leivo Dennis Everberg 20 1 2 2
4 Christoph Bertschy Michael Ferland Aaron Palushaj 10 1 2 2
5 vs 5 Defense
Defense Defense Time % Phy DF OF
1 Jake Muzzin Wiley Sherman 40 1 2 2
2 Robert Bortuzzo Ryan Pulock 30 1 2 2
3 Taylor Aronson Nick Pryor 20 1 2 2
4 Tommy Vannelli Michael Prapavessis 10 1 2 2
PowerPlay Forward
Center Left Wing Right Wing Time % Phy DF OF
1 Daultan Leveillé Lane MacDermid Spencer Machacek 60 1 2 2
2 Andrej Nestrasil Taylor Beck J.T. Brown 40 1 2 2
PowerPlay Defense
Defense Defense Time % Phy DF OF
1 Jake Muzzin Wiley Sherman 60 1 2 2
2 Robert Bortuzzo Ryan Pulock 40 1 2 2
Penalty Kill 4 Players Forward
Center Wing Time % Phy DF OF
1 Spencer Machacek J.T. Brown 60 1 2 2
2 Daultan Leveillé Lane MacDermid 40 1 2 2
Penalty Kill 4 Players Defense
Defense Defense Time % Phy DF OF
1 Jake Muzzin Wiley Sherman 60 1 2 2
2 Robert Bortuzzo Ryan Pulock 40 1 2 2
Penalty Kill - 3 Players Forward
Forward Time % Phy DF OF
1 Spencer Machacek 60 1 2 2
2 J.T. Brown 40 1 2 2
Penalty Kill - 3 Players Defense
Defense Defense Time % Phy DF OF
1 Jake Muzzin Wiley Sherman 60 1 2 2
2 Robert Bortuzzo Ryan Pulock 40 1 2 2
4 vs 4 Forward
Center Wing Time % Phy DF OF
1 Spencer Machacek J.T. Brown 60 1 2 2
2 Daultan Leveillé Lane MacDermid 40 1 2 2
4 vs 4 Defense
Defense Defense Time % Phy DF OF
1 Jake Muzzin Wiley Sherman 60 1 2 2
2 Robert Bortuzzo Ryan Pulock 40 1 2 2
Last Minutes Offensive
Center Left Wing Right Wing Defense Defense
Daultan Leveillé Lane MacDermid Spencer Machacek Jake Muzzin Wiley Sherman
Last Minutes Defensive
Center Left Wing Right Wing Defense Defense
Daultan Leveillé Lane MacDermid Spencer Machacek Jake Muzzin Wiley Sherman
Goaltenders
Starting : Antti Raanta
Backup : Alex Stalock
Extra Forwards
Normal : Jared Staal, Mitch Callahan, Alex Hutchings - PP : Jared Staal, Mitch Callahan - PK : Alex Hutchings
Extra Defensemen
Normal : Taylor Aronson, Nick Pryor, Tommy Vannelli - PP : Taylor Aronson - PK : Nick Pryor, Tommy Vannelli
Penalty Shots
Spencer Machacek, J.T. Brown, Daultan Leveillé, Lane MacDermid, Dennis Everberg
Scratches
Thomas DiPauli (Healthy), Taylor Leier (Healthy), Nikita Tryamkin (Healthy), Jaedon Descheneau (Healthy), Jake Paterson (Healthy)
Francois Tremblay (Healthy), Brandon Halverson (Healthy)
Mulligans
5 vs 5 Forward
Center Left Wing Right Wing Time % Phy DF OF
1 Anton Lander Eric Tangradi Jonathan Ferland 40 1 2 2
2 Maxime Macenauer Matt Beleskey Logan Shaw 30 1 2 2
3 Sam Bennett Drayson Bowman Joonas Donskoi 20 1 2 2
4 Robby Fabbri Sven Baertschi Valeri Nichushkin 10 1 2 2
5 vs 5 Defense
Defense Defense Time % Phy DF OF
1 Cody Goloubef Ben Hutton 40 1 2 2
2 Cade Fairchild Darren Dietz 30 1 2 2
3 Dalton Thrower Robbie Russo 20 1 2 2
4 Cody Goloubef Ben Hutton 10 1 2 2
PowerPlay Forward
Center Left Wing Right Wing Time % Phy DF OF
1 Anton Lander Eric Tangradi Jonathan Ferland 60 1 2 2
2 Maxime Macenauer Matt Beleskey Logan Shaw 40 1 2 2
PowerPlay Defense
Defense Defense Time % Phy DF OF
1 Cody Goloubef Ben Hutton 60 1 2 2
2 Cade Fairchild Darren Dietz 40 1 2 2
Penalty Kill 4 Players Forward
Center Wing Time % Phy DF OF
1 Anton Lander Eric Tangradi 60 1 2 2
2 Jonathan Ferland Matt Beleskey 40 1 2 2
Penalty Kill 4 Players Defense
Defense Defense Time % Phy DF OF
1 Cody Goloubef Ben Hutton 60 1 2 2
2 Cade Fairchild Darren Dietz 40 1 2 2
Penalty Kill - 3 Players Forward
Forward Time % Phy DF OF
1 Anton Lander 60 1 2 2
2 Eric Tangradi 40 1 2 2
Penalty Kill - 3 Players Defense
Defense Defense Time % Phy DF OF
1 Cody Goloubef Ben Hutton 60 1 2 2
2 Cade Fairchild Darren Dietz 40 1 2 2
4 vs 4 Forward
Center Wing Time % Phy DF OF
1 Anton Lander Eric Tangradi 60 1 2 2
2 Jonathan Ferland Matt Beleskey 40 1 2 2
4 vs 4 Defense
Defense Defense Time % Phy DF OF
1 Cody Goloubef Ben Hutton 60 1 2 2
2 Cade Fairchild Darren Dietz 40 1 2 2
Last Minutes Offensive
Center Left Wing Right Wing Defense Defense
Anton Lander Eric Tangradi Jonathan Ferland Cody Goloubef Ben Hutton
Last Minutes Defensive
Center Left Wing Right Wing Defense Defense
Anton Lander Eric Tangradi Jonathan Ferland Cody Goloubef Ben Hutton
Goaltenders
Starting : Calvin Pickard
Backup : Juuse Saros
Extra Forwards
Normal : Reid Boucher, Jonny Brodzinski, John Hayden - PP : Reid Boucher, Jonny Brodzinski - PK : John Hayden
Extra Defensemen
Normal : Dalton Thrower, Robbie Russo, Cade Fairchild - PP : Dalton Thrower - PK : Robbie Russo, Cade Fairchild
Penalty Shots
Anton Lander, Eric Tangradi, Jonathan Ferland, Matt Beleskey, Maxime Macenauer
Scratches
Michael Sdao (Sprained Left Finger Injury)
% Time on Ice - Demolitions
Lines # - Real PCT - Wanted PCT - Time Play
Normal Forward
1 - 35% - 40% - 19:27
2 - 28% - 30% - 15:46
3 - 19% - 20% - 10:53
4 - 18% - 10% - 9:56
Normal Defense
1 - 40% - 40% - 22:12
2 - 29% - 30% - 16:30
3 - 21% - 20% - 11:41
4 - 10% - 10% - 5:39
PP Forward
1 - 64% - 60% - 1:16
2 - 36% - 40% - 0:43
PP Defense
1 - 67% - 60% - 1:20
2 - 33% - 40% - 0:39
PK Forward
1 - 92% - 60% - 1:50
2 - 8% - 40% - 0:09
PK Defense
1 - 59% - 60% - 1:10
2 - 41% - 40% - 0:49
PK3 Forward
1 - 0% - 60%
2 - 0% - 40%
PK3 Defense
1 - 0% - 60%
2 - 0% - 40%
44 Forward
1 - 0% - 60%
2 - 0% - 40%
44 Defense
1 - 0% - 60%
2 - 0% - 40%
Last Minute Offensive - 0:00
Last Minute Defensive - 0:00
Total
Forward - 60:00
Defense - 60:00
|
% Time on Ice - Mulligans
Lines # - Real PCT - Wanted PCT - Time Play
Normal Forward
1 - 34% - 40% - 18:55
2 - 30% - 30% - 16:44
3 - 21% - 20% - 11:41
4 - 16% - 10% - 8:42
Normal Defense
1 - 37% - 40% - 20:53
2 - 33% - 30% - 18:44
3 - 22% - 20% - 12:13
4 - 7% - 10% - 4:12
PP Forward
1 - 54% - 60% - 1:04
2 - 46% - 40% - 0:55
PP Defense
1 - 59% - 60% - 1:10
2 - 41% - 40% - 0:49
PK Forward
1 - 79% - 60% - 1:34
2 - 21% - 40% - 0:25
PK Defense
1 - 79% - 60% - 1:34
2 - 21% - 40% - 0:25
PK3 Forward
1 - 0% - 60%
2 - 0% - 40%
PK3 Defense
1 - 0% - 60%
2 - 0% - 40%
44 Forward
1 - 0% - 60%
2 - 0% - 40%
44 Defense
1 - 0% - 60%
2 - 0% - 40%
Last Minute Offensive - 0:00
Last Minute Defensive - 0:00
Total
Forward - 60:00
Defense - 60:00
|
Play-by-Play
1st period
0:01 of 1st period - Daultan Leveillé wins face-off versus Anton Lander in neutral zone.
0:10 of 1st period - Snap shot by Daultan Leveillé.
0:10 of 1st period - Shot Misses the Net.
0:12 of 1st period - Slapshot by Lane MacDermid.
0:12 of 1st period - Shot Blocked by Cody Goloubef.
0:14 of 1st period - Snap shot by Daultan Leveillé.
0:14 of 1st period - Shot Misses the Net.
0:16 of 1st period - Snap shot by Jake Muzzin.
0:16 of 1st period - Deflect By Eric Tangradi.
0:16 of 1st period - Stopped by Calvin Pickard without a rebound.
0:17 of 1st period - Maxime Macenauer wins face-off versus Andrej Nestrasil in Mulligans zone.
0:47 of 1st period - Snap shot by Logan Shaw.
0:47 of 1st period - Shot Misses the Net.
0:49 of 1st period - Wrist shot by Logan Shaw.
0:49 of 1st period - Shot Misses the Net.
0:51 of 1st period - Slapshot by Maxime Macenauer.
0:51 of 1st period - Shot Blocked by Christoph Bertschy.
1:25 of 1st period - Slapshot by Logan Shaw.
1:25 of 1st period - Deflect By Matt Beleskey.
1:25 of 1st period - Stopped by Antti Raanta without a rebound.
1:26 of 1st period - Anton Lander wins face-off versus Daultan Leveillé in Demolitions zone.
1:27 of 1st period - Snap shot by Eric Tangradi.
1:27 of 1st period - Stopped by Antti Raanta without a rebound.
1:28 of 1st period - Daultan Leveillé wins face-off versus Anton Lander in Demolitions zone.
1:32 of 1st period - Off-side.
1:33 of 1st period - Anton Lander wins face-off versus Daultan Leveillé in neutral zone.
1:44 of 1st period - Spencer Machacek is hit by Darren Dietz and loses puck.
2:21 of 1st period - Slapshot by Andrej Nestrasil.
2:21 of 1st period - Deflect By J.T. Brown.
2:21 of 1st period - Stopped by Calvin Pickard without a rebound.
2:22 of 1st period - Taylor Beck wins face-off versus Robby Fabbri in Mulligans zone.
2:49 of 1st period - Backhand shot by Eric Tangradi.
2:49 of 1st period - Stopped by Antti Raanta with a rebound.
2:51 of 1st period - Snap shot by Jonathan Ferland.
2:51 of 1st period - Stopped by Antti Raanta without a rebound.
2:52 of 1st period - Anton Lander wins face-off versus Daultan Leveillé in Demolitions zone.
2:57 of 1st period - Snap shot by Eric Tangradi.
2:57 of 1st period - Shot Misses the Net.
3:09 of 1st period - Backhand shot by Jonathan Ferland.
3:09 of 1st period - Deflect By Anton Lander.
3:09 of 1st period - Stopped by Antti Raanta with a rebound.
3:15 of 1st period - Tommy Vannelli is hit by Eric Tangradi and loses puck.
3:34 of 1st period - Snap shot by Anton Lander.
3:34 of 1st period - Stopped by Antti Raanta without a rebound.
3:35 of 1st period - Andrej Nestrasil wins face-off versus Sam Bennett in Demolitions zone.
3:35 of 1st period - Andrej Nestrasil is hit by Cody Goloubef.
4:16 of 1st period - Michael Ferland is hit by Matt Beleskey and loses puck.
5:28 of 1st period - Slapshot by Ryan Pulock.
5:28 of 1st period - Shot Misses the Net.
5:30 of 1st period - Snap shot by Christoph Bertschy.
5:30 of 1st period - Shot Blocked by Logan Shaw.
5:52 of 1st period - Snap shot by Valeri Nichushkin.
5:52 of 1st period - Deflect By Robby Fabbri.
5:52 of 1st period - Shot Misses the Net.
5:52 of 1st period - Puck is out of play.
5:53 of 1st period - Anton Lander wins face-off versus Daultan Leveillé in Demolitions zone.
5:56 of 1st period - Wrist shot by Eric Tangradi.
5:56 of 1st period - Shot Blocked by Lane MacDermid.
6:25 of 1st period - Cody Goloubef is hit by Andrej Nestrasil and loses puck.
6:38 of 1st period - Cody Goloubef is hit by Christoph Bertschy and loses puck.
7:55 of 1st period - Slapshot by Spencer Machacek.
7:55 of 1st period - Stopped by Calvin Pickard with a rebound.
7:57 of 1st period - Slapshot by Lane MacDermid.
7:57 of 1st period - Stopped by Calvin Pickard with a rebound.
7:59 of 1st period - Wrist shot by Daultan Leveillé.
7:59 of 1st period - Shot Misses the Net.
8:01 of 1st period - Snap shot by Daultan Leveillé.
8:01 of 1st period - Goal by Daultan Leveillé - Demolitions : 1 - Mulligans : 0.
8:02 of 1st period - Anton Lander wins face-off versus Andrej Nestrasil in neutral zone.
8:07 of 1st period - Snap shot by Jonathan Ferland.
8:07 of 1st period - Stopped by Antti Raanta with a rebound.
8:09 of 1st period - Slapshot by Anton Lander.
8:09 of 1st period - Goal by Anton Lander - Demolitions : 1 - Mulligans : 1.
8:10 of 1st period - Anton Lander wins face-off versus Andrej Nestrasil in neutral zone.
8:22 of 1st period - Wrist shot by Andrej Nestrasil.
8:22 of 1st period - Shot Misses the Net.
8:36 of 1st period - Spencer Machacek is hit by Maxime Macenauer and loses puck.
8:59 of 1st period - Cody Goloubef is hit by Joshua Leivo and loses puck.
10:04 of 1st period - Off-side.
10:05 of 1st period - Daultan Leveillé wins face-off versus Jonathan Ferland in neutral zone.
10:08 of 1st period - Snap shot by Lane MacDermid.
10:08 of 1st period - Stopped by Calvin Pickard without a rebound.
10:09 of 1st period - Daultan Leveillé wins face-off versus Anton Lander in Mulligans zone.
10:40 of 1st period - Matt Beleskey is hit by Dennis Everberg.
10:44 of 1st period - Snap shot by Joshua Leivo.
10:44 of 1st period - Shot Misses the Net.
11:18 of 1st period - Ryan Pulock is hit by Sven Baertschi and loses puck.
11:39 of 1st period - Wrist shot by Dennis Everberg.
11:39 of 1st period - Stopped by Calvin Pickard with a rebound.
11:41 of 1st period - Snap shot by Phil McRae.
11:41 of 1st period - Shot Misses the Net.
11:43 of 1st period - Snap shot by Joshua Leivo.
11:43 of 1st period - Shot Misses the Net.
11:45 of 1st period - Snap shot by Dennis Everberg.
11:45 of 1st period - Shot Blocked by Cody Goloubef.
11:47 of 1st period - Snap shot by Phil McRae.
11:47 of 1st period - Stopped by Calvin Pickard with a rebound.
12:20 of 1st period - Wrist shot by Taylor Beck.
12:20 of 1st period - Shot Misses the Net.
12:24 of 1st period - Wrist shot by Andrej Nestrasil.
12:24 of 1st period - Stopped by Calvin Pickard with a rebound.
12:41 of 1st period - Off-side.
12:42 of 1st period - Sam Bennett wins face-off versus Christoph Bertschy in neutral zone.
12:45 of 1st period - Michael Ferland is hit by Dalton Thrower and loses puck.
12:52 of 1st period - Wrist shot by Drayson Bowman.
12:52 of 1st period - Shot Misses the Net.
12:54 of 1st period - Snap shot by Robbie Russo.
12:54 of 1st period - Deflect By Sam Bennett.
12:54 of 1st period - Stopped by Antti Raanta without a rebound.
12:55 of 1st period - Anton Lander wins face-off versus Daultan Leveillé in Demolitions zone.
13:27 of 1st period - Slapshot by Taylor Beck.
13:27 of 1st period - Stopped by Calvin Pickard with a rebound.
13:29 of 1st period - Snap shot by Andrej Nestrasil.
13:29 of 1st period - Shot Blocked by Dalton Thrower.
13:31 of 1st period - Backhand shot by Wiley Sherman.
13:31 of 1st period - Shot Blocked by Robbie Russo.
13:43 of 1st period - Robert Bortuzzo is hit by Sam Bennett.
13:47 of 1st period - Wrist shot by Drayson Bowman.
13:47 of 1st period - Shot Misses the Net.
13:49 of 1st period - Snap shot by Sam Bennett.
13:49 of 1st period - Stopped by Antti Raanta without a rebound.
13:50 of 1st period - Daultan Leveillé wins face-off versus Sam Bennett in Demolitions zone.
13:55 of 1st period - Cade Fairchild is hit by Robert Bortuzzo and loses puck.
14:02 of 1st period - Daultan Leveillé is hit by Sam Bennett and loses puck.
14:31 of 1st period - Snap shot by Eric Tangradi.
14:31 of 1st period - Deflect By Jonathan Ferland.
14:31 of 1st period - Goal by Jonathan Ferland - Demolitions : 1 - Mulligans : 2.
14:32 of 1st period - Anton Lander wins face-off versus Daultan Leveillé in neutral zone.
15:24 of 1st period - Sam Bennett is hit by Ryan Pulock.
15:38 of 1st period - Slapshot by Sven Baertschi.
15:38 of 1st period - Stopped by Antti Raanta with a rebound.
15:40 of 1st period - Slapshot by Cade Fairchild.
15:40 of 1st period - Shot Blocked by J.T. Brown.
15:48 of 1st period - Robert Bortuzzo is hit by Robby Fabbri and loses puck.
16:23 of 1st period - Wrist shot by Lane MacDermid.
16:23 of 1st period - Shot Blocked by Cade Fairchild.
16:25 of 1st period - Snap shot by Robert Bortuzzo.
16:25 of 1st period - Stopped by Calvin Pickard without a rebound.
16:26 of 1st period - Anton Lander wins face-off versus Daultan Leveillé in Mulligans zone.
16:57 of 1st period - Backhand shot by Spencer Machacek.
16:57 of 1st period - Shot Misses the Net.
17:09 of 1st period - Snap shot by Joonas Donskoi.
17:09 of 1st period - Stopped by Antti Raanta without a rebound.
17:10 of 1st period - Dennis Everberg wins face-off versus Sam Bennett in Demolitions zone.
17:15 of 1st period - Slapshot by Cody Goloubef.
17:15 of 1st period - Stopped by Antti Raanta without a rebound.
17:16 of 1st period - Anton Lander wins face-off versus Phil McRae in Demolitions zone.
17:21 of 1st period - Snap shot by Jonathan Ferland.
17:21 of 1st period - Shot Misses the Net.
17:43 of 1st period - Wrist shot by Taylor Beck.
17:43 of 1st period - Deflect By Andrej Nestrasil.
17:43 of 1st period - Shot Misses the Net.
17:43 of 1st period - Puck is out of play.
17:44 of 1st period - Maxime Macenauer wins face-off versus Andrej Nestrasil in Mulligans zone.
18:08 of 1st period - Icing by Anton Lander.
18:09 of 1st period - Anton Lander wins face-off versus Daultan Leveillé in Mulligans zone.
18:22 of 1st period - Wrist shot by Spencer Machacek.
18:22 of 1st period - Shot Blocked by Darren Dietz.
18:24 of 1st period - Wrist shot by Spencer Machacek.
18:24 of 1st period - Shot Hit the Post.
18:34 of 1st period - Matt Beleskey is hit by Dennis Everberg and loses puck.
18:59 of 1st period - Slapshot by Taylor Beck.
18:59 of 1st period - Shot Blocked by Cody Goloubef.
19:17 of 1st period - Snap shot by Daultan Leveillé.
19:17 of 1st period - Stopped by Calvin Pickard with a rebound.
19:44 of 1st period - Wiley Sherman is hit by Jonathan Ferland.
19:56 of 1st period - Slapshot by Logan Shaw.
19:56 of 1st period - Stopped by Antti Raanta without a rebound.
19:57 of 1st period - Phil McRae wins face-off versus Maxime Macenauer in Demolitions zone.
Goals for this period are 1 for Demolitions vs 2 for Mulligans.
Shots for this period are 12 for Demolitions vs 15 for Mulligans.
2nd period
0:01 of 2nd period - Anton Lander wins face-off versus Daultan Leveillé in neutral zone.
0:04 of 2nd period - Snap shot by Eric Tangradi.
0:04 of 2nd period - Stopped by Antti Raanta without a rebound.
0:05 of 2nd period - Daultan Leveillé wins face-off versus Anton Lander in Demolitions zone.
0:36 of 2nd period - Snap shot by Matt Beleskey.
0:36 of 2nd period - Stopped by Antti Raanta with a rebound.
0:52 of 2nd period - Slapshot by Wiley Sherman.
0:52 of 2nd period - Shot Misses the Net.
0:56 of 2nd period - Wrist shot by J.T. Brown.
0:56 of 2nd period - Stopped by Calvin Pickard with a rebound.
0:58 of 2nd period - Snap shot by Jake Muzzin.
0:58 of 2nd period - Shot Blocked by Darren Dietz.
1:00 of 2nd period - Snap shot by Wiley Sherman.
1:00 of 2nd period - Shot Blocked by Cade Fairchild.
1:34 of 2nd period - Wrist shot by Lane MacDermid.
1:34 of 2nd period - Shot Misses the Net.
1:36 of 2nd period - Snap shot by Daultan Leveillé.
1:36 of 2nd period - Stopped by Calvin Pickard without a rebound.
1:37 of 2nd period - Daultan Leveillé wins face-off versus Anton Lander in Mulligans zone.
1:38 of 2nd period - Snap shot by Spencer Machacek.
1:38 of 2nd period - Shot Misses the Net.
1:46 of 2nd period - Backhand shot by Eric Tangradi.
1:46 of 2nd period - Shot Blocked by Lane MacDermid.
1:52 of 2nd period - Snap shot by Eric Tangradi.
1:52 of 2nd period - Stopped by Antti Raanta without a rebound.
1:53 of 2nd period - Andrej Nestrasil wins face-off versus Logan Shaw in Demolitions zone.
2:08 of 2nd period - Backhand shot by Logan Shaw.
2:08 of 2nd period - Shot Misses the Net.
2:22 of 2nd period - Ben Hutton is hit by Lane MacDermid and loses puck.
2:47 of 2nd period - Slapshot by Spencer Machacek.
2:47 of 2nd period - Shot Misses the Net.
3:03 of 2nd period - Snap shot by Phil McRae.
3:03 of 2nd period - Shot Misses the Net.
3:35 of 2nd period - Wrist shot by Logan Shaw.
3:35 of 2nd period - Shot Misses the Net.
3:49 of 2nd period - Snap shot by Jonathan Ferland.
3:49 of 2nd period - Shot Misses the Net.
4:08 of 2nd period - Slapshot by Drayson Bowman.
4:08 of 2nd period - Stopped by Antti Raanta without a rebound.
4:09 of 2nd period - Christoph Bertschy wins face-off versus Sam Bennett in Demolitions zone.
4:14 of 2nd period - Wrist shot by Drayson Bowman.
4:14 of 2nd period - Deflect By Christoph Bertschy.
4:14 of 2nd period - Shot Misses the Net.
4:14 of 2nd period - Puck is out of play.
4:15 of 2nd period - Anton Lander wins face-off versus Daultan Leveillé in Demolitions zone.
4:20 of 2nd period - Wrist shot by Eric Tangradi.
4:20 of 2nd period - Goal by Eric Tangradi - Demolitions : 1 - Mulligans : 3.
4:21 of 2nd period - Anton Lander wins face-off versus Daultan Leveillé in neutral zone.
4:49 of 2nd period - Snap shot by Andrej Nestrasil.
4:49 of 2nd period - Shot Blocked by Cody Goloubef.
4:57 of 2nd period - Snap shot by Matt Beleskey.
4:57 of 2nd period - Shot Misses the Net.
5:19 of 2nd period - Slapshot by Phil McRae.
5:19 of 2nd period - Deflect By Joshua Leivo.
5:19 of 2nd period - Shot Blocked by Sam Bennett.
5:19 of 2nd period - Puck is out of play.
5:20 of 2nd period - Anton Lander wins face-off versus Daultan Leveillé in Mulligans zone.
5:46 of 2nd period - Robbie Russo is hit by Taylor Beck.
5:50 of 2nd period - Snap shot by Maxime Macenauer.
5:50 of 2nd period - Stopped by Antti Raanta with a rebound.
5:52 of 2nd period - Snap shot by Maxime Macenauer.
5:52 of 2nd period - Stopped by Antti Raanta without a rebound.
5:53 of 2nd period - Maxime Macenauer wins face-off versus J.T. Brown in Demolitions zone.
6:40 of 2nd period - Snap shot by Michael Ferland.
6:40 of 2nd period - Stopped by Calvin Pickard with a rebound.
6:50 of 2nd period - Snap shot by Ben Hutton.
6:50 of 2nd period - Stopped by Antti Raanta without a rebound.
6:51 of 2nd period - Maxime Macenauer wins face-off versus Daultan Leveillé in Demolitions zone.
6:57 of 2nd period - Off-side.
6:58 of 2nd period - Maxime Macenauer wins face-off versus Daultan Leveillé in neutral zone.
7:01 of 2nd period - Daultan Leveillé is hit by Matt Beleskey and loses puck.
7:43 of 2nd period - Off-side.
7:44 of 2nd period - Anton Lander wins face-off versus Andrej Nestrasil in neutral zone.
7:57 of 2nd period - Snap shot by Jonathan Ferland.
7:57 of 2nd period - Shot Misses the Net.
7:59 of 2nd period - Snap shot by Cody Goloubef.
7:59 of 2nd period - Shot Blocked by Wiley Sherman.
8:09 of 2nd period - Drayson Bowman is hit by Joshua Leivo and loses puck.
9:12 of 2nd period - Slapshot by J.T. Brown.
9:12 of 2nd period - Stopped by Calvin Pickard without a rebound.
9:13 of 2nd period - Andrej Nestrasil wins face-off versus Sam Bennett in Mulligans zone.
9:44 of 2nd period - Slapshot by Logan Shaw.
9:44 of 2nd period - Stopped by Antti Raanta with a rebound.
9:46 of 2nd period - Wrist shot by Logan Shaw.
9:46 of 2nd period - Shot Blocked by Jake Muzzin.
9:48 of 2nd period - Snap shot by Logan Shaw.
9:48 of 2nd period - Stopped by Antti Raanta without a rebound.
9:49 of 2nd period - Anton Lander wins face-off versus Lane MacDermid in Demolitions zone.
10:12 of 2nd period - Nick Pryor is hit by Ben Hutton and loses puck.
10:17 of 2nd period - Wrist shot by Anton Lander.
10:17 of 2nd period - Shot Misses the Net.
10:19 of 2nd period - Snap shot by Jonathan Ferland.
10:19 of 2nd period - Deflect By Daultan Leveillé.
10:19 of 2nd period - Shot Misses the Net.
10:19 of 2nd period - Puck is out of play.
10:20 of 2nd period - Maxime Macenauer wins face-off versus Dennis Everberg in Demolitions zone.
10:53 of 2nd period - Wrist shot by Taylor Beck.
10:53 of 2nd period - Shot Misses the Net.
11:56 of 2nd period - Snap shot by Maxime Macenauer.
11:56 of 2nd period - Shot Misses the Net.
12:08 of 2nd period - J.T. Brown is hit by Cade Fairchild and loses puck.
12:13 of 2nd period - Slapshot by Joonas Donskoi.
12:13 of 2nd period - Shot Misses the Net.
12:25 of 2nd period - Snap shot by Sven Baertschi.
12:25 of 2nd period - Stopped by Antti Raanta without a rebound.
12:26 of 2nd period - Sven Baertschi wins face-off versus Christoph Bertschy in Demolitions zone.
12:39 of 2nd period - Backhand shot by Nick Pryor.
12:39 of 2nd period - Stopped by Calvin Pickard without a rebound.
12:40 of 2nd period - Anton Lander wins face-off versus Daultan Leveillé in Mulligans zone.
12:40 of 2nd period - Anton Lander is hit by Spencer Machacek.
12:45 of 2nd period - Off-side.
12:46 of 2nd period - Daultan Leveillé wins face-off versus Anton Lander in neutral zone.
12:52 of 2nd period - Snap shot by Lane MacDermid.
12:52 of 2nd period - Deflect By Spencer Machacek.
12:52 of 2nd period - Shot Blocked by Eric Tangradi.
12:52 of 2nd period - Puck is out of play.
12:53 of 2nd period - Anton Lander wins face-off versus Daultan Leveillé in Mulligans zone.
13:08 of 2nd period - Off-side.
13:09 of 2nd period - Andrej Nestrasil wins face-off versus Maxime Macenauer in neutral zone.
13:25 of 2nd period - Slapshot by Maxime Macenauer.
13:25 of 2nd period - Stopped by Antti Raanta without a rebound.
13:26 of 2nd period - Daultan Leveillé wins face-off versus Anton Lander in Demolitions zone.
14:51 of 2nd period - Nick Pryor is hit by Ben Hutton and loses puck.
14:58 of 2nd period - Backhand shot by Taylor Aronson.
14:58 of 2nd period - Stopped by Calvin Pickard with a rebound.
15:10 of 2nd period - Wrist shot by Aaron Palushaj.
15:10 of 2nd period - Shot Misses the Net.
15:12 of 2nd period - Snap shot by Aaron Palushaj.
15:12 of 2nd period - Shot Misses the Net.
15:14 of 2nd period - Slapshot by Nick Pryor.
15:14 of 2nd period - Stopped by Calvin Pickard with a rebound.
15:16 of 2nd period - Snap shot by Aaron Palushaj.
15:16 of 2nd period - Stopped by Calvin Pickard with a rebound.
15:18 of 2nd period - Slapshot by Taylor Aronson.
15:18 of 2nd period - Deflect By Aaron Palushaj.
15:18 of 2nd period - Shot Blocked by Valeri Nichushkin.
15:18 of 2nd period - Puck is out of play.
15:19 of 2nd period - Daultan Leveillé wins face-off versus Anton Lander in Mulligans zone.
15:49 of 2nd period - Wrist shot by Phil McRae.
15:49 of 2nd period - Stopped by Calvin Pickard without a rebound.
15:50 of 2nd period - Maxime Macenauer wins face-off versus Andrej Nestrasil in Mulligans zone.
15:50 of 2nd period - Maxime Macenauer is hit by Andrej Nestrasil.
15:57 of 2nd period - Off-side.
15:58 of 2nd period - Maxime Macenauer wins face-off versus Andrej Nestrasil in neutral zone.
16:23 of 2nd period - Eric Tangradi is hit by Spencer Machacek and loses puck.
17:56 of 2nd period - Snap shot by Logan Shaw.
17:56 of 2nd period - Deflect By Maxime Macenauer.
17:56 of 2nd period - Shot Blocked by Daultan Leveillé.
17:56 of 2nd period - Puck is out of play.
17:57 of 2nd period - Maxime Macenauer wins face-off versus Daultan Leveillé in Demolitions zone.
18:11 of 2nd period - Snap shot by Lane MacDermid.
18:11 of 2nd period - Stopped by Calvin Pickard without a rebound.
18:12 of 2nd period - Anton Lander wins face-off versus Phil McRae in Mulligans zone.
18:17 of 2nd period - Wrist shot by Phil McRae.
18:17 of 2nd period - Stopped by Calvin Pickard without a rebound.
18:18 of 2nd period - Phil McRae wins face-off versus Anton Lander in Mulligans zone.
18:19 of 2nd period - Wrist shot by Dennis Everberg.
18:19 of 2nd period - Deflect By Phil McRae.
18:19 of 2nd period - Stopped by Calvin Pickard without a rebound.
18:20 of 2nd period - Phil McRae wins face-off versus Anton Lander in Mulligans zone.
18:30 of 2nd period - Icing by Cody Goloubef.
18:31 of 2nd period - Anton Lander wins face-off versus Daultan Leveillé in Mulligans zone.
18:57 of 2nd period - Jonathan Ferland is hit by Taylor Beck.
19:02 of 2nd period - Minor Penalty to Cody Goloubef for Hooking.
19:03 of 2nd period - Daultan Leveillé wins face-off versus Anton Lander in Mulligans zone.
19:03 of 2nd period - Slapshot by Spencer Machacek.
19:03 of 2nd period - Stopped by Calvin Pickard without a rebound.
19:04 of 2nd period - Anton Lander wins face-off versus Daultan Leveillé in Mulligans zone.
Goals for this period are 0 for Demolitions vs 1 for Mulligans.
Shots for this period are 13 for Demolitions vs 12 for Mulligans.
3rd period
0:01 of 3rd period - Anton Lander wins face-off versus Daultan Leveillé in neutral zone.
0:04 of 3rd period - Slapshot by Anton Lander.
0:04 of 3rd period - Shot Misses the Net.
0:54 of 3rd period - Daultan Leveillé is hit by Matt Beleskey and loses puck.
1:02 of 3rd period - Penalty to Cody Goloubef is over, Cody Goloubef is back on ice.
1:22 of 3rd period - Off-side.
1:23 of 3rd period - J.T. Brown wins face-off versus Sam Bennett in neutral zone.
1:36 of 3rd period - Jake Muzzin is hit by Robbie Russo and loses puck.
2:16 of 3rd period - Ryan Pulock is hit by Anton Lander and loses puck.
2:20 of 3rd period - Icing by Robert Bortuzzo.
2:21 of 3rd period - Anton Lander wins face-off versus Daultan Leveillé in Demolitions zone.
2:44 of 3rd period - Wrist shot by Spencer Machacek.
2:44 of 3rd period - Stopped by Calvin Pickard with a rebound.
2:48 of 3rd period - Wrist shot by Spencer Machacek.
2:48 of 3rd period - Deflect By Lane MacDermid.
2:48 of 3rd period - Stopped by Calvin Pickard without a rebound.
2:49 of 3rd period - Andrej Nestrasil wins face-off versus Maxime Macenauer in Mulligans zone.
2:58 of 3rd period - Wrist shot by J.T. Brown.
2:58 of 3rd period - Shot Misses the Net.
3:21 of 3rd period - Slapshot by Cody Goloubef.
3:21 of 3rd period - Stopped by Antti Raanta with a rebound.
3:23 of 3rd period - Snap shot by Sam Bennett.
3:23 of 3rd period - Shot Blocked by Taylor Aronson.
3:25 of 3rd period - Slapshot by Sam Bennett.
3:25 of 3rd period - Shot Misses the Net.
3:42 of 3rd period - Eric Tangradi is hit by Daultan Leveillé and loses puck.
5:07 of 3rd period - Minor Penalty to Phil McRae for Interference.
5:08 of 3rd period - Anton Lander wins face-off versus Spencer Machacek in Demolitions zone.
5:10 of 3rd period - Slapshot by Jonathan Ferland.
5:10 of 3rd period - Stopped by Antti Raanta with a rebound.
6:17 of 3rd period - Lane MacDermid is hit by Matt Beleskey and loses puck.
7:07 of 3rd period - Penalty to Phil McRae is over, Phil McRae is back on ice.
7:14 of 3rd period - Snap shot by J.T. Brown.
7:14 of 3rd period - Shot Blocked by Cade Fairchild.
7:16 of 3rd period - Wrist shot by Wiley Sherman.
7:16 of 3rd period - Deflect By Darren Dietz.
7:16 of 3rd period - Stopped by Calvin Pickard without a rebound.
7:17 of 3rd period - Phil McRae wins face-off versus Sam Bennett in Mulligans zone.
7:18 of 3rd period - Wrist shot by Dennis Everberg.
7:18 of 3rd period - Stopped by Calvin Pickard without a rebound.
7:19 of 3rd period - Sam Bennett wins face-off versus Phil McRae in Mulligans zone.
7:44 of 3rd period - Jonathan Ferland is hit by Christoph Bertschy and loses puck.
8:18 of 3rd period - Michael Ferland is hit by Sven Baertschi and loses puck.
8:51 of 3rd period - Backhand shot by J.T. Brown.
8:51 of 3rd period - Stopped by Calvin Pickard with a rebound.
8:53 of 3rd period - Snap shot by Taylor Beck.
8:53 of 3rd period - Deflect By Andrej Nestrasil.
8:53 of 3rd period - Stopped by Calvin Pickard with a rebound.
9:38 of 3rd period - Slapshot by Spencer Machacek.
9:38 of 3rd period - Shot Misses the Net.
9:59 of 3rd period - Wrist shot by Logan Shaw.
9:59 of 3rd period - Deflect By Maxime Macenauer.
9:59 of 3rd period - Deflect By Nick Pryor.
9:59 of 3rd period - Shot Misses the Net.
9:59 of 3rd period - Puck is out of play.
10:00 of 3rd period - Daultan Leveillé wins face-off versus Eric Tangradi in Demolitions zone.
10:12 of 3rd period - Icing by Spencer Machacek.
10:13 of 3rd period - Daultan Leveillé wins face-off versus Anton Lander in Demolitions zone.
10:22 of 3rd period - Snap shot by Spencer Machacek.
10:22 of 3rd period - Stopped by Calvin Pickard with a rebound.
10:24 of 3rd period - Wrist shot by Daultan Leveillé.
10:24 of 3rd period - Shot Blocked by Ben Hutton.
10:28 of 3rd period - Wrist shot by Spencer Machacek.
10:28 of 3rd period - Shot Blocked by Anton Lander.
10:30 of 3rd period - Slapshot by Tommy Vannelli.
10:30 of 3rd period - Deflect By Daultan Leveillé.
10:30 of 3rd period - Shot Misses the Net.
10:30 of 3rd period - Puck is out of play.
10:31 of 3rd period - Andrej Nestrasil wins face-off versus Maxime Macenauer in Mulligans zone.
10:40 of 3rd period - Wrist shot by Matt Beleskey.
10:40 of 3rd period - Shot Misses the Net.
10:42 of 3rd period - Slapshot by Cody Goloubef.
10:42 of 3rd period - Deflect By Maxime Macenauer.
10:42 of 3rd period - Shot Blocked by Andrej Nestrasil.
10:42 of 3rd period - Puck is out of play.
10:43 of 3rd period - Eric Tangradi wins face-off versus Daultan Leveillé in Demolitions zone.
10:44 of 3rd period - Slapshot by Anton Lander.
10:44 of 3rd period - Stopped by Antti Raanta with a rebound.
11:44 of 3rd period - Snap shot by Joonas Donskoi.
11:44 of 3rd period - Goal by Joonas Donskoi - Demolitions : 1 - Mulligans : 4.
11:45 of 3rd period - Daultan Leveillé wins face-off versus Anton Lander in neutral zone.
11:52 of 3rd period - Backhand shot by Jonathan Ferland.
11:52 of 3rd period - Deflect By Eric Tangradi.
11:52 of 3rd period - Shot Blocked by Jake Muzzin.
11:52 of 3rd period - Puck is out of play.
11:53 of 3rd period - Anton Lander wins face-off versus Daultan Leveillé in Demolitions zone.
13:05 of 3rd period - Snap shot by Matt Beleskey.
13:05 of 3rd period - Stopped by Antti Raanta with a rebound.
13:19 of 3rd period - Slapshot by Darren Dietz.
13:19 of 3rd period - Shot Blocked by Ryan Pulock.
13:42 of 3rd period - Taylor Beck is hit by Anton Lander and loses puck.
14:06 of 3rd period - Wrist shot by Aaron Palushaj.
14:06 of 3rd period - Stopped by Calvin Pickard without a rebound.
14:07 of 3rd period - Aaron Palushaj wins face-off versus Sam Bennett in Mulligans zone.
14:30 of 3rd period - Slapshot by Drayson Bowman.
14:30 of 3rd period - Shot Misses the Net.
14:32 of 3rd period - Snap shot by Joonas Donskoi.
14:32 of 3rd period - Goal by Joonas Donskoi - Demolitions : 1 - Mulligans : 5.
14:33 of 3rd period - Anton Lander wins face-off versus Daultan Leveillé in neutral zone.
14:42 of 3rd period - Wrist shot by Eric Tangradi.
14:42 of 3rd period - Stopped by Antti Raanta with a rebound.
14:48 of 3rd period - Snap shot by Anton Lander.
14:48 of 3rd period - Stopped by Antti Raanta with a rebound.
15:50 of 3rd period - Cody Goloubef is hit by Andrej Nestrasil and loses puck.
17:26 of 3rd period - Nick Pryor is hit by Sven Baertschi and loses puck.
17:33 of 3rd period - Cade Fairchild is hit by Taylor Beck and loses puck.
18:28 of 3rd period - Snap shot by Wiley Sherman.
18:28 of 3rd period - Shot Misses the Net.
18:30 of 3rd period - Wrist shot by Andrej Nestrasil.
18:30 of 3rd period - Stopped by Calvin Pickard with a rebound.
18:46 of 3rd period - Wrist shot by Cody Goloubef.
18:46 of 3rd period - Stopped by Antti Raanta without a rebound.
18:47 of 3rd period - Robby Fabbri wins face-off versus Christoph Bertschy in Demolitions zone.
18:53 of 3rd period - Aaron Palushaj is hit by Dalton Thrower and loses puck.
18:58 of 3rd period - Snap shot by Sven Baertschi.
18:58 of 3rd period - Stopped by Antti Raanta with a rebound.
19:02 of 3rd period - Backhand shot by Robbie Russo.
19:02 of 3rd period - Shot Blocked by Ryan Pulock.
19:21 of 3rd period - Wrist shot by Logan Shaw.
19:21 of 3rd period - Deflect By Aaron Palushaj.
19:21 of 3rd period - Shot Misses the Net.
19:21 of 3rd period - Puck is out of play.
19:22 of 3rd period - Anton Lander wins face-off versus Daultan Leveillé in Demolitions zone.
19:27 of 3rd period - Snap shot by Anton Lander.
19:27 of 3rd period - Stopped by Antti Raanta with a rebound.
19:47 of 3rd period - Nick Pryor is hit by Maxime Macenauer and loses puck.
Goals for this period are 0 for Demolitions vs 2 for Mulligans.
Shots for this period are 9 for Demolitions vs 11 for Mulligans.
Back to the Top